Map: Odyssey LE

Players

Dessa - Winner!

  • Race: Zerg Zerg
  • League: Diamond
  • Spawn Location: 11:00

PontyPilat

  • Race: Terran Terran
  • League: Platinum
  • Spawn Location: 5:00

VOD

Have the link to the VOD?

Description

Time

  • Played on: Jan. 8, 2018, 11:58 a.m.
  • Length: 11:15
Show
View Real Time Build Order
Export as new Build Order

Dessa Zerg - Winner!

Build Orders: Hatch First 

Get SALT Encoding   

  12  0:01  Drone  
  13  0:13  Overlord  
  13  0:17  Drone  
  14  0:32  Drone x2  
  17  0:35  Drone  
  17  0:53  Hatchery  
  17  0:56  Drone  
  17  1:01  Extractor  
  17  1:03  Drone  
  17  1:18  Spawning Pool  
  17  1:20  Drone  
  17  1:25  Drone  
  18  1:29  Overlord  
  18  1:40  Drone  
  19  1:54  Drone  
  20  2:05  Queen x2  
  20  2:06  Metabolic Boost  
  24  2:10  Zergling x2  
  24  2:13  Zergling x2  
  26  2:17  Drone  
  26  2:20  Drone  
  28  2:27  Baneling Nest  
  27  2:51  Drone x3  
  27  2:52  Overlord  
  27  2:55  Drone x2  
  31  3:10  Zergling x4  
  33  3:13  Queen x2  
  37  3:28  Extractor  
  36  3:39  Hatchery  
  35  3:42  Drone x2  
  35  3:43  Drone x3  
  40  4:07  Drone x3  
  40  4:09  Overlord  
  43  4:13  Lair  
  43  4:16  Extractor  
  42  4:17  Extractor  
  42  4:20  Pneumatized Carapace  
  41  4:24  Drone x2  
  41  4:26  Overlord, Evolution Chamber  
  41  4:29  Drone  
  41  4:30  Drone  
  44  4:51  Queen  
  46  4:57  Overlord x2  
  46  5:04  Zerg Ground Armor Level 1  
  46  5:06  Drone x5  
  51  5:08  Drone x2  
  52  5:22  Zergling x8  
  56  5:31  Overlord  
  56  5:35  Drone x4  
  59  5:36  Drone  
  59  5:41  Zergling x4  
  63  5:44  Centrifical Hooks  
  63  5:47  Baneling x4  
  63  5:55  Drone x4  
  68  5:57  Zergling x2  
  68  6:02  Drone  
  69  6:05  Zergling x8  
  73  6:25  Drone x3  
  75  6:26  Zergling x10  
  75  6:27  Zergling x2, Overlord x2  
  75  6:30  Evolution Chamber  
  81  6:48  Zergling x2  
  81  6:49  Zergling x6  
  81  6:53  Hydralisk Den  
  84  6:58  Baneling x7  
  84  6:59  Baneling x4, Overlord  
  84  7:00  Overlord  
  84  7:10  Overlord  
  84  7:11  Hatchery, Overlord  
  83  7:19  Overlord  
  83  7:23  Zerg Melee Weapons Level 1  
  83  7:24  Zerg Ground Armor Level 2  
  77  7:50  Zergling x6  
  77  7:51  Zergling x4  
  73  8:01  Zergling x16  
  73  8:04  Muscular Augments  
  79  8:10  Zergling x6  
  80  8:25  Drone x3  
  80  8:26  Drone x4  
  86  8:28  Queen  
  88  8:34  Baneling x2  
  88  8:35  Baneling x3, Hydralisk x8  
  88  8:36  Hydralisk  
  106  8:48  Extractor x2  
  104  8:59  Overlord x2  
  104  9:01  Zergling x4  
  104  9:02  Zergling x2  
  107  9:14  Overlord  
  107  9:15  Hydralisk x6, Overlord  
  119  9:22  Zergling x8, Hydralisk x3  
  119  9:23  Zergling x8  
  123  9:58  Queen  
  125  10:01  Extractor  
  125  10:04  Baneling  
  125  10:05  Baneling  
  124  10:09  Zergling x10, Hydralisk x3  
  124  10:13  Infestation Pit  
  134  10:26  Drone x7  
  134  10:27  Drone  
  127  10:36  Zergling x2  
  127  10:37  Zergling x20  
Show
View Real Time Build Order
Export as new Build Order

PontyPilat Terran 

Build Orders: Reaper Expand 

Get SALT Encoding   

  12  0:01  SCV  
  13  0:13  SCV  
  14  0:18  Supply Depot  
  14  0:25  SCV  
  15  0:40  SCV  
  15  0:41  Barracks  
  16  0:52  SCV  
  16  0:53  Refinery  
  17  1:04  SCV  
  18  1:17  SCV  
  19  1:31  Orbital Command  
  19  1:37  Reaper  
  20  1:48  Command Center  
  20  1:57  Supply Depot  
  20  2:00  SCV  
  21  2:06  Refinery  
  21  2:13  SCV  
  21  2:15  Barracks Reactor  
  22  2:25  SCV  
  23  2:36  Factory  
  23  2:47  SCV  
  24  2:55  Marine x2  
  24  2:58  Barracks  
  26  2:59  SCV  
  27  3:11  SCV  
  28  3:12  Supply Depot  
  28  3:15  Marine x2  
  30  3:22  Starport  
  30  3:23  SCV  
  31  3:37  Orbital Command  
  30  3:44  Factory Tech Lab  
  30  3:45  Barracks Tech Lab  
  30  3:46  SCV  
  31  3:58  SCV  
  31  4:01  Marine x2  
  34  4:06  SCV  
  34  4:07  Engineering Bay  
  35  4:10  SCV  
  35  4:14  Siege Tank  
  35  4:16  Marauder  
  40  4:18  Stimpack  
  40  4:20  SCV  
  40  4:23  Starport Reactor  
  41  4:24  Marine x2  
  41  4:29  Supply Depot  
  43  4:32  Engineering Bay  
  43  4:35  SCV x2  
  45  5:00  Supply Depot  
  45  5:06  SCV x2  
  45  5:07  Command Center  
  47  5:08  Marine  
  47  5:09  Marine, Marauder  
  47  5:12  Medivac  
  53  5:18  SCV  
  53  5:21  Terran Infantry Armor Level 1  
  54  5:25  Terran Infantry Weapons Level 1  
  54  5:35  Marine x2  
  54  5:36  Marine, Siege Tank  
  54  5:41  Refinery  
  60  5:45  Supply Depot  
  60  5:54  SCV x2, Marauder  
  64  6:04  Supply Depot  
  64  6:06  SCV  
  64  6:07  SCV  
  66  6:12  Siege Tank  
  69  6:18  SCV  
  70  6:31  SCV x2  
  72  6:43  SCV  
  72  6:44  SCV, Marine  
  72  6:45  Marine x2  
  72  6:46  Siege Tank  
  80  6:52  Refinery  
  80  6:55  SCV  
  81  7:02  SCV x2  
  81  7:03  Marauder  
  81  7:07  SCV  
  86  7:14  SCV x2  
  88  7:18  Cyclone  
  91  7:34  SCV x2  
  91  7:35  SCV  
  81  8:03  Marine  
  81  8:04  Marine x2  
  85  8:05  SCV x2  
  85  8:06  SCV  
  85  8:10  Siege Tank  
  90  8:14  Liberator x2  
  90  8:21  Marine x2  
  90  8:22  Marine  
  90  8:24  Supply Depot  
  90  8:25  SCV x2  
  90  8:26  Supply Depot, Orbital Command  
  101  8:36  Factory  
  101  8:38  Barracks  
  101  8:46  SCV x2  
  103  8:54  SCV  
  104  8:58  SCV x2  
  106  9:06  Supply Depot  
  106  9:07  SCV, Supply Depot  
  107  9:10  SCV x2, Armory  
  109  9:19  SCV  
  109  9:22  SCV x2  
  109  9:23  Marine x3  
  115  9:28  Siege Tank  
  115  9:31  SCV  
  112  9:41  Marine  
  112  9:42  Marauder  
  114  9:48  Marine  
  113  9:59  Marine  
  114  10:00  Refinery x2  
  114  10:03  Marine  
  114  10:07  Barracks, Barracks Reactor  
  115  10:08  Barracks  
  100  10:37  Marine x2  
  100  10:38  Marine  
  74  10:55  Marine  
Tags
 
Add a new tag
Caveats
  • Supply blocks, unpowered buildings, or Contaminate may cause inaccurate times.
  • Supply counts are checked every 10 seconds.